 Dungeon Crawl Stone Soup version 0.28.0-47-ge53b351184 (webtiles) character file.

Game seed: 9554216883591467322

28 Allula97 the Cutter (level 3, 0/28 HPs)
             Began as a Demonspawn Gladiator on Apr 28, 2022.
             Slain by a quokka (4 damage)
             ... on level 2 of the Dungeon.
             The game lasted 00:02:17 (1062 turns).

Allula97 the Cutter (Demonspawn Gladiator)          Turns: 1062, Time: 00:02:18

Health: 0/28       AC:  6    Str: 16    XL:     3   Next: 0%
Magic:  3/3        EV: 12    Int:  9    God:
Gold:   10         SH:  0    Dex: 14    Spells: 2/2 levels left

rFire   x . .      SeeInvis .   a - +0 rapier
rCold   + . .      Faith    .   (no shield)
rNeg    . . .      Spirit   .   b - +0 leather armour
rPois   .          Reflect  .   c - +0 helmet
rElec   .          Harm     .   (no cloak)
rCorr   .          Rampage  .   (no gloves)
Will    .....                   (no boots)
Stlth   +.........              f - amulet of the acrobat
HPRegen 0.09/turn               l - ring of ice
MPRegen 0.08/turn               (no ring)

@: no status effects
A: claws 1, yellow scales 1
a: no special abilities


You were on level 2 of the Dungeon.
You visited 1 branch of the dungeon, and saw 2 of its levels.

You collected 10 gold pieces.

Inventory:

Hand Weapons
 a - a +0 rapier (weapon)
Missiles
 d - 3 throwing nets (quivered)
Armour
 b - a +0 leather armour (worn)
 c - a +0 helmet (worn)
Jewellery
 f - an amulet of the acrobat (around neck)
 l - a ring of ice (left claw)
Scrolls
 e - a scroll of teleportation {unknown}
 h - 3 scrolls of fear {unknown}
 i - a scroll of identify {unknown}
 k - a scroll of holy word {unknown}
 n - a scroll of vulnerability {unknown}
Potions
 g - a potion of invisibility {unknown}
 j - a potion of lignification {unknown}
 m - a potion of attraction {unknown}


   Skills:
 * Level 2.3 Fighting
 * Level 3.1 Short Blades
 + Level 1.7 Throwing
 * Level 0.1 Armour
 * Level 3.1 Dodging
 * Level 0.1 Stealth


You had 2 spell levels left.
You didn't know any spells.
Your spell library was empty.

Dungeon Overview and Level Annotations

Branches:
Dungeon (2/15)

Altars:


Innate Abilities, Weirdness & Mutations

You have sharp fingernails.
You are partially covered in yellow scales. (AC +2)


Message History

You barely miss the worm.
The worm is heavily wounded.
The quokka misses you. The worm bites you but does no damage.
You hit the worm.
The worm is severely wounded.
The quokka closely misses you.
You hit the worm.
The worm is almost dead.
The quokka bites you but does no damage.
The worm bites you!
* * * LOW HITPOINT WARNING * * *
The quokka bites you but does no damage.
You hit the worm.
You kill the worm!
The quokka barely misses you.
You have reached level 3!
Your experience leads to an increase in your attributes!
Increase (S)trength, (I)ntelligence, or (D)exterity?
You feel stronger. x2; Your demonic ancestry asserts itself...
Your fingernails lengthen.
You barely miss the quokka.
The quokka is lightly wounded.
The quokka closely misses you.
You hit the quokka but do no damage.
The quokka is lightly wounded.
The quokka bites you but does no damage. x2
You closely miss the quokka.
The quokka is lightly wounded.
The quokka bites you.
* * * LOW HITPOINT WARNING * * *
You barely miss the quokka.
The quokka is lightly wounded.
The quokka barely misses you.
You barely miss the quokka.
The quokka is lightly wounded.
The quokka bites you but does no damage.
You closely miss the quokka.
The quokka is lightly wounded.
The quokka bites you.
You die...

#......#.#
#......#.#.#
.....###.#..#
..#..# #.##..#
###..# #.# ...#
#..# #.# #..##
###..###.# ...##
.........# ##r†#
########.# ###.†@#
######.#.###...###
.....#.#.#...###
.....'...#.### .
.....#)#.#'# ..#
.....#.#.#.#..#
.....#.#....#
.....<.#.#..#
.#######.#######


You could see a quokka.

Vanquished Creatures
  A worm (D:2)
  2 ball pythons (D:1)
  An endoplasm (D:2)
  A giant cockroach (D:1)
  2 goblins (D:1)
  2 hobgoblins (D:1)
  3 kobolds
  2 quokkas
  6 bats
  2 rats (D:1)
22 creatures vanquished.

Notes
Turn   | Place    | Note
-------+----------+-------------------------------------------
     0 | D:1      | Allula97 the Demonspawn Gladiator began the quest for the
                  | Orb.
     0 | D:1      | Reached XP level 1. HP: 16/16 MP: 1/1
   234 | D:1      | Gained mutation: You are partially covered in yellow
                  | scales. (AC +2) [demonic ancestry]
   234 | D:1      | Reached XP level 2. HP: 22/22 MP: 2/2
  1057 | D:2      | Gained mutation: You have sharp fingernails. [demonic
                  | ancestry]
  1057 | D:2      | Reached XP level 3. HP: 4/28 MP: 3/3
  1062 | D:2      | Slain by a quokka

Illustrated notes

Levels and vault maps discovered:
D:1:      heliophobic_arrival_ceremonial_halls, layout_basic,
          serial_bayou_pond_a
D:2:      minmay_razor_zed, layout_basic, nicolae_ecumenical_snake_handling

Skill      XL: |  1  2 |
---------------+-------+-----
Dodging        | 3 |  3.1
Short Blades   | 3 |  3.1
Fighting       | |  2.3
Throwing       | |  1.7
Armour         | |  0.1
Stealth        | |  0.1

Action                   || total
-------------------------++-------
Melee: Rapier            ||   110
       Punch             ||     3
Armor: Leather armour    ||    47
Dodge: Dodged            ||    90
